 Dungeon Crawl Stone Soup version 0.32-a0-871-ge202e49faa (webtiles) character file.

Game seed: 16674002671751878240

124 kae the Slasher (level 5, -3/38 HPs)
             Began as a Coglin Gladiator on Mar 29, 2024.
             Was an Initiate of Okawaru.
             Slain by an orc priest
             ... wielding a +0 flail
              (7 damage)
             ... on level 3 of the Dungeon.
             The game lasted 00:01:13 (1887 turns).

kae the Slasher (Coglin Gladiator)                  Turns: 1887, Time: 00:01:14

Health: -3/38      AC:  6    Str: 14    XL:     5   Next: 8%
Magic:  5/5        EV: 11    Int:  7    God:    Okawaru [......]
Gold:   25         SH:  0    Dex: 18    Spells: 4/4 levels left

rFire   . . .        a - +0 long sword {Suthep}
rCold   . . .        j - +2 short sword (venom) {Leticia}
rNeg    . . .        b - +0 leather armour
rPois   .            c - +0 helmet
rElec   .            h - +0 cloak
rCorr   .            (no gloves)
SInv    .            k - +0 pair of boots
Will    .....        (amulet unavailable)
Stlth   +            (ring unavailable)
HPRegen 0.26/turn    (ring unavailable)
MPRegen 0.09/turn    (no gizmo)

%: no passive effects
@: hasted, revving, very quick
A: off-hand wielding, slow wielding, warmup strikes, no jewellery
a: Invent Gizmo, Renounce Religion


You were on level 3 of the Dungeon.
You worshipped Okawaru.
Okawaru was noncommittal.
You visited 1 branch of the dungeon, and saw 3 of its levels.

You collected 25 gold pieces.


Innate Abilities, Weirdness & Mutations

You can wield a second weapon in your off-hand.
It takes a long time for you to wield or remove held weapons.
Your first few attacks do less damage.
You cannot equip rings or amulets.


   Skills:
 - Level 2.0 Fighting
 * Level 5.3 Long Blades
 - Level 1.7 Throwing
 - Level 2.6 Dodging
 + Level 1.1 Invocations


You had 4 spell levels left.
You didn't know any spells.
Your spell library contained the following spells:

 Spells                   Type           Power      Damage    Failure   Level
 Sting                    Conj/Alch      0%         1d3       52%         1
 Mercury Vapours          Alch/Air       0%         N/A       65%         2
 Olgreb's Toxic Radiance  Alch           0%         N/A       99%         4
 Borgnjor's Vile Clutch   Necr/Erth      0%         N/A       100%        5
 Animate Dead             Necr           Unusable   N/A       N/A         4
 Death Channel            Necr           Unusable   N/A       N/A         6

Inventory:

Hand Weapons
 a - a +0 long sword (weapon) {Suthep}
 f - a +0 dagger {Imanvir}
 j - a +2 short sword of venom (offhand) {Leticia}
   (You took it off a kobold on level 2 of the Dungeon)
Missiles
 d - 3 throwing nets (quivered) {=f!f}
 e - a javelin
 i - 37 stones
Armour
 b - a +0 leather armour (worn)
 c - a +0 helmet (worn)
 h - a +0 cloak (worn)
   (You found it on level 3 of the Dungeon)
 k - a +0 pair of boots (worn)
   (You found it on level 2 of the Dungeon)
Jewellery
 S - a +6 ring of strength
   (You took it off a hobgoblin on level 2 of the Dungeon)
Scrolls
 l - a scroll of fog
 n - a scroll of identify {@r1}

Dungeon Overview and Level Annotations

Branches:
Dungeon (3/15) Zot: 16107

Altars:
Okawaru

#.###...............###.#
#.. ##..........#..###
.####.#
.....................
......
.###...............$..
.....
#.............####.#
.#### #...........#.### #
#...........#.... #
#....)....o.....$ #.###
####.....@##....# ......
#.####o# ###.. ##...# #..
#o# # ..... ..


.oo .##. ... # ..... ..... #...... You could see an orc priest (very poisoned),
an orc wizard and 3 orcs.


Message History

You aren't carrying any items that you can evoke.
Unknown command.
As you read the scroll labelled CUFIMICEUT, it dissolves into smoke.
It was a scroll of fog.
Unknown command.
As you read the scroll labelled UMEUCL TIKHEMIEF, it crumbles to dust.
Nothing appears to happen.
It was a scroll of butterflies.
You hit Terence with your +0 long sword.
You hit Terence but do no damage. Terence misses you.
You barely miss Terence with your +0 long sword.
You hit Terence with your +2 short sword of venom.
Terence is poisoned.
Terence hits you with a +0 flail. 😕 HP[-3]
You take 3 damage, and now have 30/33 hp.
You hit Terence with your +0 long sword.
You hit Terence with your +2 short sword of venom.
Terence barely misses you. 😕 HP[+1]
You hit Terence with your +2 short sword of venom.
Terence looks even sicker.
You hit Terence with your +0 long sword.
You kill Terence!
Okawaru accepts your kill.
Your Invocations skill increases to level 1!
You have reached level 5! 😕 HP[+5] MP[+1]
You now have 38 max hp (+5).
You regained 5 hp, and now have 36/38 hp.
Your mp is fully restored (5).
Things that are here:
a +0 flail; a +0 chain mail; the human corpse of Terence An endoplasm comes into view.
The endoplasm moves out of view. 😎 HP[+2]
Your hp is fully restored (38).
Unknown command.
An endoplasm is nearby!
An endoplasm is nearby!
An endoplasm is nearby!
The endoplasm quivers.
No target in view!
No target in view!
An endoplasm is nearby!
You slash the endoplasm with your +0 long sword!
You kill the endoplasm!
Okawaru accepts your kill.
You pick up a book of Unlife and begin reading...
You add the spell Borgnjor's Vile Clutch to your library.
No target in view!
No target in view!
You now have 25 gold pieces (gained 7).
An orc priest comes into view. It is wielding a +0 flail.
The orc priest shouts!
You hear a shout! x2
The orc priest invokes the aid of Beogh against you.
Beogh smites you!
An orc comes into view. It is wielding a +0 trident.
You are too injured to fight recklessly! 😮 HP[-14]
You take 14 damage, and now have 24/38 hp.
MASSIVE DAMAGE!! (PAUSE)
An orc comes into view. It is wielding a +0 club.
An orc wizard comes into view. It is wielding a +2 dagger of draining.
The orc priest looks encouraged for a moment.
An orc comes into view. It is wielding a +0 mace.
The orc wizard shouts!
The orc shouts!
The orc moves out of view. 😮 HP[+1]
You hit the orc priest with your +2 short sword of venom.
You closely miss the orc priest with your +0 long sword.
The orc barely misses you.
Unknown command.
The orc priest mumbles some strange prayers to Beogh against you.
You barely resist.
The orc hits you with a +0 trident. 😮 HP[-4]
You take 4 damage, and now have 21/38 hp.
You hit the orc priest with your +0 long sword.
You barely miss the orc priest with your +2 short sword of venom.
The orc priest hits you with a +0 flail.
The orc hits you with a +0 trident.
* * * LOW HITPOINT WARNING * * *
😨 HP[-6]
You take 6 damage, and now have 15/38 hp.
You barely miss the orc priest with your +2 short sword of venom.
You hit the orc priest but do no damage.
The orc priest hits you with a +0 flail!
* * * LOW HITPOINT WARNING * * *
😱 HP[-6]
You take 6 damage, and now have 9/38 hp.
Unknown command.
You hit the orc priest with your +0 long sword.
You hit the orc priest with your +2 short sword of venom.
The orc priest is poisoned.
The orc priest barely misses you.
The orc hits you from afar with a +0 trident.
* * * LOW HITPOINT WARNING * * *
😱 HP[-5]
You take 5 damage, and now have 4/38 hp.
Unknown command.
You feel yourself speed up.
The orc priest hits you with a +0 flail!
You die...

Skill      XL: |  1  2  3  4 |
---------------+-------------+-----
Long Blades    | 4 5 |  5.3
Invocations    | 1 |  1.1
Fighting       | |  2.0
Throwing       | |  1.7
Dodging        | |  2.6

Action                     |  1- 3 |  4- 6 || total
---------------------------+-------+-------++-------
  Melee: Long sword        |    62 |    21 ||    83
         Dagger            |    31 |       ||    31
         Short sword       |    25 |    21 ||    46
    Use: Scroll            |     2 |     2 ||     4
         Potion            |       |     2 ||     2
   Stab: Sleeping          |     3 |       ||     3
 Armour: Leather armour    |    37 |    20 ||    57
  Dodge: Dodged            |    37 |    18 ||    55

Levels and vault maps discovered:
D:1:      dpeg_arrival_subterranean_lakeside_camping, layout_loops_ring
D:2:      layout_basic, basic_altar
D:3:      layout_rooms, uniq_terence

Notes
Turn   | Place    | Note
-------+----------+-------------------------------------------
     0 | D:1      | kae the Coglin Gladiator began the quest for the Orb.
     0 | D:1      | Reached XP level 1. HP: 16/16 MP: 1/1
     0 | D:1      | magus.rc [v1.11.3]
   144 | D:1      | Reached XP level 2. HP: 19/22 MP: 2/2
   234 | D:1      | You add the spells Sting, Mercury Vapours and Olgreb's
                  | Toxic Radiance to your library.
   546 | D:1      | Reached skill level 4 in Long Blades
   836 | D:2      | Reached XP level 3. HP: 27/27 MP: 3/3
   848 | D:2      | Identified the +1 ring mail "Susteit" {rC+}
  1089 | D:2      | Found an iron altar of Okawaru.
  1108 | D:2      | Became a worshipper of Warmaster Okawaru
  1626 | D:3      | Reached XP level 4. HP: 33/33 MP: 4/4
  1713 | D:3      | Reached skill level 5 in Long Blades
  1838 | D:3      | Noticed Terence
  1846 | D:3      | Killed Terence
  1847 | D:3      | Reached skill level 1 in Invocations
  1847 | D:3      | Reached XP level 5. HP: 36/38 MP: 5/5
  1866 | D:3      | You pick up a book of Unlife and begin reading...
  1885 | D:3      | HP: 9/38 [orc priest/+0 flail (7)]
  1886 | D:3      | HP: 4/38 [orc/+0 trident (5)]
  1887 | D:3      | Slain by an orc priest

Vanquished Creatures
  Terence (D:3)
  An orc wizard (D:3)
  2 adders (D:2)
  2 dart slugs
  4 orcs (D:3)
  4 ball pythons
  2 endoplasms
  3 goblins
  4 hobgoblins
  4 quokkas
  10 bats
  5 frilled lizards
  2 kobolds (D:2)
  6 rats
50 creatures vanquished.

Table legend:
 A = Non-vault XP
 B = Vault XP
 C = Vault XP percentage of total XP
 D = Non-vault monster count
 E = Vault monster count
 F = Vault count percentage of total count
                 A         B        C        D         E       F
            +---------+---------+-------+---------+---------+-------
      Total |     134 |      44 |  24.7 |      43 |       7 |  14.0
            +---------+---------+-------+---------+---------+-------
        D:1 |      24 |       8 |  25.0 |      15 |       6 |  28.6
        D:2 |      48 |       0 |   0.0 |      16 |       0 |   0.0
        D:3 |      62 |      36 |  36.7 |      12 |       1 |   7.7
            +---------+---------+-------+---------+---------+-------

Skill      XL: |  1  2  3  4 |
---------------+-------------+-----
Long Blades    | 4 5 |  5.3
Invocations    | 1 |  1.1
Fighting       | |  2.0
Throwing       | |  1.7
Dodging        | |  2.6

Action                     |  1- 3 |  4- 6 || total
---------------------------+-------+-------++-------
  Melee: Long sword        |    62 |    21 ||    83
         Dagger            |    31 |       ||    31
         Short sword       |    25 |    21 ||    46
    Use: Scroll            |     2 |     2 ||     4
         Potion            |       |     2 ||     2
   Stab: Sleeping          |     3 |       ||     3
 Armour: Leather armour    |    37 |    20 ||    57
  Dodge: Dodged            |    37 |    18 ||    55

Illustrated notes

Table legend:
 A = Kills in this place as a percentage of kills in the entire game.
 B = Kills by you in this place as a percentage of kills by you in the entire game.
 C = Kills by friends in this place as a percentage of kills by friends in the entire game.
 D = Other kills in this place as a percentage of other kills in the entire game.
 E = Experience gained in this place as a percentage of experience gained in the entire game.
 F = Experience gained in this place divided by the number of levels of this place that you have seen.
                   A       B       C       D       E      F
               +-------+-------+-------+-------+-------+----------------------
         Total | 100.0 | 100.0 |   N/A |   N/A | 100.0 |  59.3
       Dungeon | 100.0 | 100.0 |   N/A |   N/A | 100.0 |  59.3
               +-------+-------+-------+-------+-------+----------------------

Table legend: (Time is in decaauts)
 A = Elapsed time spent in this place.
 B = Non-inter-level travel time spent in this place.
 C = Inter-level travel time spent in this place.
 D = Time resting spent in this place.
 E = Time spent auto-exploring this place.
 F = Levels seen in this place.
 G = Mean time per level.
                   A        B        C        D        E       F      G
               +--------+--------+--------+--------+--------+-----+--------+
         Total |   1891 |   1787 |    104 |     90 |   1401 |   3 |  630.3 |
       Dungeon |   1891 |   1787 |    104 |     90 |   1401 |   3 |  630.3 |
               +--------+--------+--------+--------+--------+-----+--------+

Top non-repeatable levels by time:
     D:2: 889 daAuts
     D:1: 735 daAuts
     D:3: 267 daAuts
